 Dungeon Crawl Stone Soup version 0.31-a0-182-gc5ef74bbde (webtiles) character file.

Game seed: 8567764235733135097

160540 zazu2006 the Cruncher (level 17, -1/140 HPs)
             Began as a Gnoll Wanderer on June 20, 2023.
             Was the Champion of Vehumet.
             Slain by a ghost moth (13 damage)
             ... on level 4 of the Spider Nest.
             The game lasted 02:00:38 (30830 turns).

zazu2006 the Cruncher (Gnoll Wanderer)             Turns: 30830, Time: 02:00:39

Health: -1/140     AC: 15    Str: 16      XL:     17   Next: 76%
Magic:  0/42       EV: 19    Int: 10 (14) God:    Vehumet [******]
Gold:   2915       SH: 13    Dex: 19      Spells: 10/40 levels left

rFire   + . .        f - staff of earth
rCold   . . .        N - +0 kite shield {reflect}
rNeg    . . .        p - +2 leather armour {rF+}
rPois   +            r - +2 helmet
rElec   .            m - +0 cloak
rCorr   .            h - +0 pair of gloves
SInv    .            u - +1 pair of boots {rampage}
Will    ++...        l - amulet of regeneration
Stlth   ++++++       j - ring of magical power
HPRegen 1.23/turn    c - ring "Bavuaxko" {+Blink rPois Will+ Dex+6 Stlth+}
MPRegen 0.28/turn

%: reflection, rampage
@: no status effects
A: fangs 1, strong nose, distributed training
a: Renounce Religion, Evoke Blink


You were on level 4 of the Spider Nest.
You worshipped Vehumet.
Vehumet was exalted by your worship.
You visited 4 branches of the dungeon, and saw 26 of its levels.
You visited the Abyss 1 time.
You also visited: Sewer and Gauntlet.

You collected 3284 gold pieces.
You spent 369 gold pieces at shops.

Inventory:

Hand Weapons
 w - the +5 Lochaber axe {reach-cleave, Poleaxe Drain}
   (You found it on level 4 of the Lair of Beasts)

   Poleaxe:   It uses either Axes or Polearms skill, whichever is higher.
   Drain:     It drains your maximum health when unequipped.
 J - a +1 scimitar of flaming
Armour
 h - a +0 pair of gloves (worn)
 m - a +0 cloak (worn)
 p - a +2 leather armour of fire resistance (worn)
 r - a +2 helmet (worn)
 u - a +1 pair of boots of rampaging (worn)
 C - the +1 pair of boots of Happiness {Str+4}
   (You found it on level 1 of the Spider Nest)

   Str:       It affects your strength (+4).
 N - a +0 kite shield of reflection (worn)
 O - +0 acid dragon scales
Magical Staves
 f - a staff of earth (weapon)
Jewellery
 a - a ring of protection from fire
 c - the ring "Bavuaxko" (right hand) {+Blink rPois Will+ Dex+6 Stlth+}
   (You took it off a minotaur in a Gauntlet)

   [ring of dexterity]

   Dex:       It affects your dexterity (+6).
   rPois:     It protects you from poison.
   +Blink:    It lets you blink.
   Will:      It increases your willpower.
   Stlth:     It makes you more stealthy.
 g - a ring of ice
 j - a ring of magical power (left hand)
 l - an amulet of regeneration (around neck)
 L - a ring of fire
 U - a ring of protection from fire
 X - a ring of ice
Wands
 i - a wand of mindburst (3)
 y - a wand of quicksilver (10)
 I - a wand of iceblast (35)
 P - a wand of charming (10)
 T - a wand of digging (13)
 Z - a wand of polymorph (7)
Scrolls
 e - a scroll of amnesia
 k - 2 scrolls of fog
 n - 13 scrolls of poison
 o - a scroll of summoning
 q - 12 scrolls of teleportation
 v - 2 scrolls of blinking
 B - a scroll of identify
 D - 6 scrolls of noise
 M - a scroll of enchant weapon
 S - a scroll of enchant armour
 Y - a scroll of fear
Potions
 b - 10 potions of curing
 d - 4 potions of lignification
 s - 3 potions of cancellation
 t - a potion of might
 x - 3 potions of attraction
 z - 4 potions of heal wounds
 A - a potion of mutation
 E - 4 potions of brilliance
 F - 2 potions of berserk rage
 G - 2 potions of haste
 K - 2 potions of magic
 Q - a potion of enlightenment
 R - 4 potions of resistance
 V - a potion of invisibility
 W - 6 potions of ambrosia
Miscellaneous
 H - a box of beasts


   Skills:
 + Level 14.7 Fighting
 + Level 12.3 Short Blades
 + Level 12.3 Long Blades
 + Level 12.3 Axes
 + Level 12.3 Maces & Flails
 + Level 12.3 Polearms
 + Level 14.7 Staves
 + Level 12.3 Ranged Weapons
 + Level 12.3 Throwing
 + Level 12.6 Armour
 + Level 12.3 Dodging
 + Level 12.3 Stealth
 + Level 12.3 Shields
 + Level 12.3 Unarmed Combat
 + Level 12.3 Spellcasting
 + Level 10.4 Conjurations
 + Level 10.4 Hexes
 + Level 10.4 Summonings
 + Level 10.4 Necromancy
 + Level 10.4 Translocations
 + Level 10.4 Transmutations
 + Level 10.4 Fire Magic
 + Level 10.4 Ice Magic
 + Level 10.4 Air Magic
 + Level 10.4 Earth Magic
 + Level 10.4 Poison Magic
 + Level 13.6 Invocations
 + Level 12.3 Evocations


You had 10 spell levels left.
You knew the following spells:

 Your Spells              Type           Power      Damage    Failure   Level
a - Sandblast             Erth           80%        2d17      1%          1
b - Mephitic Cloud        Conj/Pois/Air  27%        N/A       1%          3
c - Olgreb's Toxic Radia  Pois           27%        N/A       1%          4
d - Sticky Flame          Conj/Fire      27%        2d5       1%          4
e - Dazzling Flash        Conj/Hex       54%        N/A       1%          3
f - Airstrike             Air            13%        2d(2-18)  1%          4
g - Iskenderun's Mystic   Conj/Tloc      27%        2d7       1%          4
h - Lee's Rapid Deconstr  Erth           20%        3d12*     2%          5
i - Blink                 Tloc           54%        N/A       1%          2

Your spell library contained the following spells:

 Spells                   Type           Power      Damage    Failure   Level
 Lehudib's Crystal Spear  Conj/Erth      20%        10d6      99%         8
 Polar Vortex             Ice            13%        N/A       100%        9
 Shatter                  Erth           20%        3d18*     100%        9
 Foxfire                  Conj/Fire      100%       2x1d9     1%          1
 Magic Dart               Conj           100%       1d8       1%          1
 Sting                    Tmut/Pois      100%       1d8       1%          1
 Call Imp                 Summ           54%        N/A       1%          2
 Lesser Beckoning         Tloc           54%        N/A       1%          2
 Momentum Strike          Conj/Tloc      54%        3d9       1%          2
 Poisonous Vapours        Pois/Air       54%        N/A       1%          2
 Static Discharge         Conj/Air       54%        2-5/arc   1%          2
 Call Canine Familiar     Summ           27%        N/A       1%          3
 Hailstorm                Conj/Ice       27%        3d7       1%          3
 Inner Flame              Hex/Fire       27%        N/A       1%          3
 Portal Projectile        Hex/Tloc       54%        N/A       1%          3
 Summon Guardian Golem    Hex/Summ       27%        N/A       1%          3
 Tukima's Dance           Hex            27%        N/A       1%          3
 Volatile Blastmotes      Fire/Tloc      54%        2d14      1%          3
 Flame Wave               Conj/Fire      27%        2d9       1%          4
 Fulminant Prism          Conj/Hex       13%        3d8       1%          4
 Fireball                 Conj/Fire      13%        3d7       2%          5
 Ice Form                 Ice/Tmut       27%        N/A       3%          4
 Leda's Liquefaction      Hex/Erth       20%        N/A       3%          4
 Summon Lightning Spire   Summ/Air       27%        N/A       3%          4
 Blade Hands              Tmut           13%        N/A       10%         5
 Summon Forest            Summ/Tloc      13%        N/A       10%         5
 Summon Mana Viper        Hex/Summ       27%        N/A       10%         5
 Plasma Beam              Fire/Air       13%        2x1d24    13%         6
 Starburst                Conj/Fire      13%        6d6       13%         6
 Simulacrum               Ice/Necr       13%        N/A       45%         6
 Summon Cactus Giant      Summ           13%        N/A       45%         6


Dungeon Overview and Level Annotations

Branches:
Dungeon (15/15)            Temple (0/1) D:6            Lair (5/5) D:10
 Shoals (0/4) Lair:2       Spider (4/4) Lair:3        Slime (0/5) Lair:4
    Orc (2/2) D:9             Elf (0/3) Orc:2        Vaults (0/5) D:13
 Depths (0/4) D:15          Sewer (visited)         Gauntlet (visited)

Altars:
Fedhas
Sif Muna
Trog
Vehumet

Shops:
D:3 [   Orc:2 !!:(

Annotations:
D:13 3 runed translucent doors, Haugobec's ghost, journeyman MiBe


Innate Abilities, Weirdness & Mutations

You have very sharp teeth.
Your uncanny sense of smell can sniff out nearby items.
Your experience applies equally to all skills.


Message History

Casting: Sticky Flame (mildly dangerous; 1% risk of failure)
Confirm with . or Enter, or press ? or * to list all spells.
You begin to radiate toxic energy.
The ghost moth burns!
The ghost moth stares at you.
You feel your power leaking away. You block the ghost moth's attack.
The ghost moth closely misses you. The ghost moth stings you.
Unknown command.
You hit the ghost moth.
You hit the ghost moth but do no damage.
The ghost moth is moderately wounded.
The ghost moth burns!
The ghost moth stares at you.
You feel your power leaking away. The ghost moth misses you.
You block the ghost moth's attack. The ghost moth misses you.
Unknown command.
Okay, then.
Aiming: Quicksilver Bolt
Press: ? - help, Shift-Dir - straight line, f - ghost moth
Aim: a ghost moth (moderately wounded, slightly transparent, covered in liquid flames, 83% to hit)
The bolt of dispelling energy hits the ghost moth!!
The ghost moth is heavily wounded.
Your toxic aura wanes.
You feel you are being watched by something.
You feel your power leaking away. Something hits you!
* * * LOW HITPOINT WARNING * * *
You block something's attack.
Something stings you but does no damage.
Aiming: Iceblast
Press: ? - help, Shift-Dir - straight line The mass of ice explodes!
The iceblast engulfs something!!
You feel you are being watched by something.
Something hits you!
* * * LOW HITPOINT WARNING * * *
Something hits you!
* * * LOW HITPOINT WARNING * * *
Something stings you!
You die...

∆ ####+++####
####......@.^###
#######.............^.#
..^....^................
.......^#.#.^###....^...
####†.........#...#..#..
...†.#...##..##..^#### .
....##....#..# ####
.####..##....# ∆
.#...#.^#.#..#


There were no monsters in sight!

Vanquished Creatures
  Rupert (Lair:3)
  Frances (D:13)
  Donald (Spider:3)
  An emperor scorpion (Spider:3)
  A reaper (Lair:3)
  2 broodmothers
  Nessos (D:13)
  A minotaur (Gauntlet)
  Snorg (D:10)
  A fire dragon (Lair:5)
  2 entropy weavers (Spider:3)
  6 hydras
  Fannar (Orc:1)
  A radroach (Spider:3)
  A centaur warrior (D:14)
  3 vault guards (D:13)
  A jorogumo (Spider:3)
  5 two-headed ogres
  A catoblepas (Lair:4)
  9 boulder beetles
  A thrashing horror (Abyss:2)
  4 tengu warriors
  3 orc high priests (Orc:2)
  8 demonic crawlers
  8 death yaks
  A hell hog (Gauntlet)
  Urug (Lair:3)
  Sonja (D:11)
  6 pharaoh ants
  Nergalle (Lair:3)
  Amaemon (Lair:3)
  2 skysharks
  Lodul (D:13)
  A swamp dragon (Lair:5)
  2 sun moths
  8 orb spiders
  2 deep elf pyromancers
  4 steelbarb worms
  2 wizards
  7 orc knights
  12 wolf spiders
  2 necromancers (D:13)
  A mana viper (Abyss:2)
  Pikel (D:8)
  5 cyclopes
  An oklob plant (Lair:5)
  3 orc sorcerers (Orc:2)
  11 ugly things (D:15)
  15 elephants
  4 manticores
  A moth of wrath (Spider:3)
  3 gargoyles
  An orange demon (Lair:3)
  Joseph (D:7)
  17 cane toads
  3 black mambas
  3 torpor snails
  An unseen horror (D:11)
  13 komodo dragons
  A freezing wraith (D:15)
  Psyche (D:11)
  A tengu conjurer (D:13)
  4 rime drakes
  A queen bee (D:13)
  10 trolls
  6 polar bears
  A wolf spider simulacrum (D:15)
  3 meliai (D:13)
  7 blink frogs
  5 raiju (Lair:5)
  24 tarantellas
  8 dream sheep
  A raiju (shapeshifter) (D:14)
  4 slime creatures
  17 culicivoras
  20 jumping spiders
  A jumping spider (shapeshifter) (D:14)
  A ynoxinul (Abyss:2)
  75 yaks
  19 humans
  A water elemental (D:14)
  3 wraiths
  8 shadows
  4 fire bats (Gauntlet)
  2 basilisks (Lair:4)
  A vampire (D:9)
  Grum (D:9)
  5 wyverns
  38 redbacks
  2 steam dragons
  11 vampire mosquitoes
  8 acid dragons
  6 wargs
  2 large abominations (Gauntlet)
  14 hell hounds
  18 water moccasins
  A swamp drake (Lair:5)
  15 black bears
  20 orc warriors
  12 ogres
  14 centaurs
  24 wolves
  2 lemures (D:8)
  A phantom (D:9)
  5 kobold brigands
  17 bullfrogs
  A gnoll sergeant (Orc:2)
  9 scorpions
  9 wights
  9 small abominations (Gauntlet)
  30 killer bees
  A troll zombie (D:9)
  3 electric eels (D:14)
  5 howler monkeys
  A crimson imp (Abyss:2)
  4 jellies
  A gnoll bouda (D:10)
  2 hounds (D:5)
  21 orc priests
  A sleepcap (D:5)
  7 iguanas
  26 orc wizards
  5 ogre zombies (D:9)
  7 gnolls
  6 adders
  A shadow imp (D:5)
  A white imp (D:8)
  6 worms
  5 dart slugs
  89 orcs
  8 ball pythons
  2 bats (D:1)
  9 endoplasms
  9 giant cockroaches
  5 goblins
  6 hobgoblins
  9 quokkas
  11 frilled lizards
  A goblin skeleton (D:9)
  A goblin zombie (D:9)
  2 hobgoblin skeletons (D:9)
  3 hobgoblin zombies (D:9)
  28 kobolds
  3 orc skeletons (D:9)
  9 orc zombies (D:9)
  2 rats (D:5)
1006 creatures vanquished.

Vanquished Creatures (collateral kills)
  Erica (D:8)
  An ugly thing (D:14)
  4 polar bears (Lair:5)
  A black bear (Lair:5)
  An ogre (D:14)
  A centaur (D:8)
  2 wolves (Lair:5)
  A kobold brigand (D:8)
  4 wights (D:8)
  A kobold (D:8)
17 creatures vanquished.

Vanquished Creatures (others)
  An orb spider (Spider:4)
  An unseen horror (D:7)
  An iguana (Lair:5)
  2 orc wizards
  2 orcs (D:6)
7 creatures vanquished.

Grand Total: 1030 creatures vanquished

Notes
Turn   | Place    | Note
-------+----------+-------------------------------------------
     0 | D:1      | zazu2006 the Gnoll Wanderer began the quest for the Orb.
     0 | D:1      | zazu2006 set off with the following items: a +3
                  | quarterstaff, a potion of curing, a scroll of fear, a +0
                  | leather armour.
     0 | D:1      | Reached XP level 1. HP: 26/26 MP: 2/2
   187 | D:1      | Reached XP level 2. HP: 33/33 MP: 3/3
   692 | D:2      | Reached XP level 3. HP: 38/38 MP: 4/4
   839 | D:2      | Found a shimmering blue altar of Sif Muna.
  1602 | D:3      | Found a radiant altar of Vehumet.
  1619 | D:3      | Reached skill level 1 in Short Blades
  1619 | D:3      | Reached skill level 1 in Long Blades
  1619 | D:3      | Reached skill level 1 in Axes
  1619 | D:3      | Reached skill level 1 in Maces & Flails
  1619 | D:3      | Reached skill level 1 in Polearms
  1619 | D:3      | Reached skill level 1 in Ranged Weapons
  1619 | D:3      | Reached skill level 1 in Throwing
  1619 | D:3      | Reached skill level 1 in Dodging
  1619 | D:3      | Reached skill level 1 in Stealth
  1619 | D:3      | Reached skill level 1 in Shields
  1619 | D:3      | Reached skill level 1 in Unarmed Combat
  1619 | D:3      | Reached skill level 1 in Spellcasting
  1619 | D:3      | Reached skill level 1 in Evocations
  1624 | D:3      | Reached XP level 4. HP: 19/45 MP: 6/6
  1764 | D:3      | Found Aluhet's Armour Shop.
  1796 | D:3      | Became a worshipper of Vehumet
  1814 | D:3      | Reached skill level 1 in Conjurations
  1814 | D:3      | Reached skill level 1 in Hexes
  1814 | D:3      | Reached skill level 1 in Summonings
  1814 | D:3      | Reached skill level 1 in Necromancy
  1814 | D:3      | Reached skill level 1 in Translocations
  1814 | D:3      | Reached skill level 1 in Transmutations
  1814 | D:3      | Reached skill level 1 in Fire Magic
  1814 | D:3      | Reached skill level 1 in Ice Magic
  1814 | D:3      | Reached skill level 1 in Air Magic
  1814 | D:3      | Reached skill level 1 in Earth Magic
  1814 | D:3      | Reached skill level 1 in Poison Magic
  1857 | D:3      | Found a faded altar of an unknown god.
  1913 | D:3      | Reached XP level 5. HP: 50/51 MP: 7/7
  2089 | D:3      | Got the Vellum of Disgusting Production
  2513 | D:4      | Reached XP level 6. HP: 57/57 MP: 8/8
  3040 | D:4      | Reached * piety under Vehumet
  3040 | D:4      | Offered knowledge of Sandblast by Vehumet.
  3043 | D:4      | Learned a level 1 spell: Sandblast
  3443 | D:5      | Entered Level 5 of the Dungeon
  3562 | D:5      | Reached XP level 7. HP: 41/63 MP: 1/10
  3717 | D:5      | Found a glowing drain.
  3726 | Sewer    | Entered a sewer
  4363 | D:5      | Reached ** piety under Vehumet
  4367 | D:5      | Offered knowledge of Searing Ray by Vehumet.
  4368 | D:5      | Reached XP level 8. HP: 54/71 MP: 12/12
  5841 | D:6      | Found a staircase to the Ecumenical Temple.
  5886 | D:6      | Reached skill level 5 in Invocations
  5890 | D:6      | Reached XP level 9. HP: 69/77 MP: 14/14
  5899 | D:6      | Offered knowledge of Ignite Poison by Vehumet.
  6688 | D:7      | Reached skill level 5 in Armour
  6702 | D:7      | Reached *** piety under Vehumet
  6831 | D:7      | Noticed Joseph
  6852 | D:7      | Killed Joseph
  7169 | D:7      | Offered knowledge of Hailstorm by Vehumet.
  7326 | D:7      | Noticed a troll
  7333 | D:7      | Learned a level 4 spell: Olgreb's Toxic Radiance
  7349 | D:7      | Killed a troll
  7398 | D:7      | Noticed a manticore
  7399 | D:7      | Reached skill level 5 in Short Blades
  7399 | D:7      | Reached skill level 5 in Long Blades
  7399 | D:7      | Reached skill level 5 in Axes
  7399 | D:7      | Reached skill level 5 in Maces & Flails
  7399 | D:7      | Reached skill level 5 in Polearms
  7399 | D:7      | Reached skill level 5 in Ranged Weapons
  7399 | D:7      | Reached skill level 5 in Throwing
  7399 | D:7      | Reached skill level 5 in Dodging
  7399 | D:7      | Reached skill level 5 in Stealth
  7399 | D:7      | Reached skill level 5 in Shields
  7399 | D:7      | Reached skill level 5 in Unarmed Combat
  7399 | D:7      | Reached skill level 5 in Spellcasting
  7399 | D:7      | Reached skill level 5 in Evocations
  7399 | D:7      | Reached XP level 10. HP: 78/85 MP: 17/17
  7400 | D:7      | Noticed a two-headed ogre
  7414 | D:7      | Reached skill level 10 in Fighting
  7414 | D:7      | Reached skill level 10 in Staves
  7416 | D:7      | Killed an unseen horror
  7420 | D:7      | Killed a manticore
  7428 | D:7      | Killed a two-headed ogre
  8046 | D:8      | Noticed Erica
  8062 | D:8      | Killed Erica
  8095 | D:8      | Reached **** piety under Vehumet
  8191 | D:8      | Offered knowledge of Lee's Rapid Deconstruction by Vehumet.
  8356 | D:8      | Learned a level 5 spell: Lee's Rapid Deconstruction
  8386 | D:8      | Reached skill level 5 in Conjurations
  8386 | D:8      | Reached skill level 5 in Hexes
  8386 | D:8      | Reached skill level 5 in Summonings
  8386 | D:8      | Reached skill level 5 in Necromancy
  8386 | D:8      | Reached skill level 5 in Translocations
  8386 | D:8      | Reached skill level 5 in Transmutations
  8386 | D:8      | Reached skill level 5 in Fire Magic
  8386 | D:8      | Reached skill level 5 in Ice Magic
  8386 | D:8      | Reached skill level 5 in Air Magic
  8386 | D:8      | Reached skill level 5 in Earth Magic
  8386 | D:8      | Reached skill level 5 in Poison Magic
  8392 | D:8      | Reached XP level 11. HP: 83/90 MP: 20/20
  8602 | D:8      | Noticed Pikel
  8634 | D:8      | Killed Pikel
  9235 | D:9      | Found a staircase to the Orcish Mines.
  9513 | D:9      | Reached ***** piety under Vehumet
  9551 | D:9      | Offered knowledge of Conjure Ball Lightning by Vehumet.
  9697 | D:9      | Noticed Grum
  9720 | D:9      | Killed Grum
 10069 | D:10     | Entered Level 10 of the Dungeon
 10268 | D:9      | Learned a level 4 spell: Sticky Flame
 10599 | D:10     | Found a staircase to the Lair.
 11067 | D:10     | Noticed Snorg
 11084 | D:10     | Killed Snorg
 11085 | D:10     | Reached XP level 12. HP: 41/100 MP: 10/22
 12041 | D:11     | Noticed Psyche
 12049 | D:11     | Killed Psyche
 12376 | D:11     | Noticed Sonja
 12382 | D:11     | Killed Sonja
 12519 | D:11     | Noticed a two-headed ogre
 12687 | D:11     | You fall into a shaft and drop 3 floors!
 12843 | D:14     | Identified the +7 mace "Qugeesa" {drain, Int+2}
 13084 | D:14     | Noticed a tengu warrior
 13096 | D:14     | Killed a tengu warrior
 13187 | D:14     | Noticed a two-headed ogre
 13187 | D:14     | Noticed a centaur warrior
 13204 | D:13     | Noticed Lodul
 13409 | D:14     | Killed a centaur warrior
 13413 | D:14     | Killed a two-headed ogre
 13413 | D:14     | Offered knowledge of Plasma Beam by Vehumet.
 14194 | D:13     | Noticed a two-headed ogre
 14329 | D:13     | Noticed Frances
 14329 | D:13     | Noticed a tengu warrior
 14403 | D:15     | Entered Level 15 of the Dungeon
 14481 | D:15     | Reached XP level 13. HP: 72/107 MP: 25/25
 14513 | D:15     | Found a bloodstained altar of Trog.
 15095 | Abyss:2  | Cast into level 2 of the Abyss (a wizard)
 15175 | Abyss:2  | Identified a scroll of acquirement
 15176 | Abyss:2  | Acquired a +0 buckler of protection
 15238 | Abyss:2  | Found a corrupted altar of Lugonu.
 15289 | D:15     | Escaped the Abyss
 15708 | D:15     | Reached skill level 10 in Invocations
 15709 | D:15     | Found a staircase to the Depths.
 15709 | D:15     | Noticed a frost giant
 15834 | D:13     | Killed Frances
 15992 | D:13     | Killed Lodul
 16122 | D:13     | Noticed Nessos
 16136 | D:13     | Killed Nessos
 16246 | D:13     | Reached XP level 14. HP: 79/116 MP: 27/27
 16331 | D:13     | Found a runed translucent gate.
 16331 | D:13     | Found a runed translucent gate.
 16331 | D:13     | Found a runed translucent gate.
 16331 | D:13     | Noticed Haugobec's ghost (journeyman MiBe)
 16780 | D:13     | Found a gate to the Vaults.
 17049 | D:12     | Found a gate leading to a gauntlet.
 17130 | Gauntlet | Entered a Gauntlet
 17130 | Gauntlet | Found a transporter.
 17160 | Gauntlet | Found a transporter.
 17175 | Gauntlet | Found a transporter.
 17180 | Gauntlet | Found a transporter.
 17195 | Gauntlet | Found a transporter.
 17214 | Gauntlet | Found a transporter.
 17226 | Gauntlet | Found a transporter.
 17238 | Gauntlet | Found a transporter.
 17240 | Gauntlet | Found the necklace of Bloodlust {Fury *Rage Will++ Int-3
                  | Slay+6}
 17250 | Gauntlet | Found a transporter.
 17262 | Gauntlet | Found a transporter.
 17281 | Gauntlet | Found a transporter.
 17296 | Gauntlet | Found a transporter.
 17298 | Gauntlet | Found a transporter.
 17323 | Gauntlet | Found a transporter.
 17325 | Gauntlet | Found a transporter.
 17345 | Gauntlet | Found a transporter.
 17347 | Gauntlet | Found a transporter.
 17469 | Gauntlet | Found a transporter.
 17482 | Gauntlet | Identified the ring "Wetakinyown" {rElec MP+9 Str-5 Int+3
                  | Dex-2}
 17605 | Gauntlet | Offered knowledge of Arcjolt by Vehumet.
 17606 | Gauntlet | Reached skill level 10 in Armour
 17653 | Gauntlet | Learned a level 3 spell: Dazzling Flash
 17659 | Gauntlet | Identified the +0 scale mail "Etwoesm" {Rampage Str-5
                  | Dex+5}
 17659 | Gauntlet | Identified the ring "Bavuaxko" {+Blink rPois Will+ Dex+6
                  | Stlth+}
 17710 | Gauntlet | Identified the +3 scale mail "Aclahowa" {Harm rN+ MP+9
                  | Dex-4}
 17710 | Gauntlet | Identified the +1 leather armour "Nitsozilu" {Dex+4}
 18636 | Lair:1   | Entered Level 1 of the Lair of Beasts
 19266 | Lair:1   | Reached skill level 10 in Short Blades
 19266 | Lair:1   | Reached skill level 10 in Long Blades
 19266 | Lair:1   | Reached skill level 10 in Axes
 19266 | Lair:1   | Reached skill level 10 in Maces & Flails
 19266 | Lair:1   | Reached skill level 10 in Polearms
 19266 | Lair:1   | Reached skill level 10 in Ranged Weapons
 19266 | Lair:1   | Reached skill level 10 in Throwing
 19266 | Lair:1   | Reached skill level 10 in Dodging
 19266 | Lair:1   | Reached skill level 10 in Stealth
 19266 | Lair:1   | Reached skill level 10 in Shields
 19266 | Lair:1   | Reached skill level 10 in Unarmed Combat
 19266 | Lair:1   | Reached skill level 10 in Spellcasting
 19266 | Lair:1   | Reached skill level 10 in Evocations
 19722 | Lair:2   | Reached XP level 15. HP: 108/123 MP: 29/29
 19728 | Lair:2   | Offered knowledge of Freezing Cloud by Vehumet.
 19904 | Lair:2   | Found a staircase to the Shoals.
 20587 | Lair:3   | Noticed Nergalle
 20602 | Lair:3   | Killed Nergalle
 20693 | Lair:3   | Noticed Amaemon
 20699 | Lair:3   | Killed Amaemon
 20795 | Lair:3   | Noticed Urug
 20825 | Lair:3   | Killed Urug
 21114 | Lair:3   | Noticed Rupert
 21187 | Lair:3   | Found a hole to the Spider Nest.
 21679 | Lair:4   | Found the +5 Lochaber axe {reach-cleave, Poleaxe Drain}
 21689 | Lair:4   | Found a staircase to the Slime Pits.
 21758 | Lair:4   | Reached ****** piety under Vehumet
 21764 | Lair:4   | Offered knowledge of Spellforged Servitor by Vehumet.
 22501 | Lair:5   | Entered Level 5 of the Lair of Beasts
 22553 | Lair:5   | Found a blossoming altar of Fedhas.
 23034 | Lair:4   | Reached XP level 16. HP: 106/131 MP: 26/30
 23338 | Lair:5   | Identified the +5 sling "Dragonslayer" {flame, Will- Int+6}
 23493 | Lair:5   | Offered knowledge of Irradiate by Vehumet.
 24123 | Lair:5   | Learned a level 4 spell: Airstrike
 24557 | Lair:3   | Killed Rupert
 24706 | Lair:3   | Found a runed translucent door.
 24927 | Orc:1    | Entered Level 1 of the Orcish Mines
 24991 | Orc:1    | Noticed Fannar
 25055 | Orc:1    | Killed Fannar
 25343 | Orc:2    | Entered Level 2 of the Orcish Mines
 25370 | Orc:2    | Offered knowledge of Ignition by Vehumet.
 25658 | Orc:2    | Found a staircase to the Elven Halls.
 26039 | Orc:2    | Found Yfioxzack's Weapon Shoppe.
 26039 | Orc:2    | Found Sugral's Book Shop.
 26041 | Orc:2    | Found Joede Suo's Distillery.
 26041 | Orc:2    | Found Pibruid's Distillery.
 26049 | Orc:2    | Bought a potion of curing for 39 gold pieces
 26049 | Orc:2    | Bought a potion of heal wounds for 65 gold pieces
 26049 | Orc:2    | Bought a potion of curing for 39 gold pieces
 26049 | Orc:2    | Bought a potion of heal wounds for 65 gold pieces
 26049 | Orc:2    | Bought a potion of heal wounds for 65 gold pieces
 26050 | Orc:2    | Bought 2 potions of lignification for 96 gold pieces
 26415 | Spider:1 | Entered Level 1 of the Spider Nest
 26953 | Spider:1 | Learned a level 4 spell: Iskenderun's Mystic Blast
 27136 | Spider:1 | Learned a level 3 spell: Mephitic Cloud
 27170 | Spider:1 | Reached XP level 17. HP: 82/139 MP: 1/32
 27515 | Spider:1 | Found a transporter.
 27516 | Spider:1 | Found a transporter.
 27549 | Spider:1 | Reached skill level 10 in Conjurations
 27549 | Spider:1 | Reached skill level 10 in Hexes
 27549 | Spider:1 | Reached skill level 10 in Summonings
 27549 | Spider:1 | Reached skill level 10 in Necromancy
 27549 | Spider:1 | Reached skill level 10 in Translocations
 27549 | Spider:1 | Reached skill level 10 in Transmutations
 27549 | Spider:1 | Reached skill level 10 in Fire Magic
 27549 | Spider:1 | Reached skill level 10 in Ice Magic
 27549 | Spider:1 | Reached skill level 10 in Air Magic
 27549 | Spider:1 | Reached skill level 10 in Earth Magic
 27549 | Spider:1 | Reached skill level 10 in Poison Magic
 27553 | Spider:1 | Got the +1 pair of boots of Happiness {Str+4}
 28483 | Spider:2 | Offered knowledge of Lehudib's Crystal Spear by Vehumet.
 28483 | Spider:2 | Offered knowledge of Shatter by Vehumet.
 28483 | Spider:2 | Offered knowledge of Polar Vortex by Vehumet.
 29474 | Spider:3 | Learned a level 2 spell: Blink
 29594 | Spider:3 | Noticed Donald
 29629 | Spider:3 | Killed Donald
 30701 | Spider:4 | Entered Level 4 of the Spider Nest
 30830 | Spider:4 | Slain by a ghost moth

Illustrated notes

Levels and vault maps discovered:
D:1:      heliophobic_arrival_glass_houses, layout_basic,
          kennysheep_pointless_box, nicolae_figureground_sparkle
D:2:      layout_loops_corners, basic_altar
D:3:      layout_rooms, nicolae_vehumet_radiance,
          hellmonk_ecumenical_altar_heavens_door, serial_shops, shop
D:4:      layout_basic, dk_noncrumbling_2
D:5:      layout_layer_cave, gup_sewer_entry_spiral, kennysheep_small_square
D:6:      layout_layer_cave, minmay_temple_entry_sparse_star
D:7:      minmay_the_grid_triangle_9x9_recursive_2
          [minmay_the_grid_triangle_9x9_prize_top_heavy,
          minmay_the_grid_triangle_9x9_corrupted_corridor,
          minmay_the_grid_triangle_9x9_steps,
          minmay_the_grid_triangle_9x9_intruding_spiral], layout_basic,
          uniq_joseph
D:8:      layout_basic, uniq_erica, uniq_pikel
D:9:      layout_roguey, zombieorc1_lemuel, uniq_grum
D:10:     layout_layer_cave, due_lair_maze_entry_diamond, minmay_starry_boxes,
          uniq_snorg
D:11:     layout_irregular_city, uniq_sonja, uniq_psyche
D:12:     layout_stronghold, gauntlet_entry_generic
D:13:     layout_cave_pools, grunt_vaults_entry_tiered, serial_column_ruins,
          column_ruins_open_tiny, column_ruins_open_tiny, column_ruins_grid_3,
          column_ruins_open_small, gammafunk_ghost_nasty_kobolds, special_room
          [special_room_bee], uniq_nessos, uniq_frances, uniq_lodul
D:14:     layout_basic, chequers_big_river, hangedman_decor_growths
D:15:     grunt_enter_depths_snipers, layout_loops_ring,
          trog_three_pillars_becter
Lair:1:   layout_cellular_growth, chequers_serial_rivers_micro_d,
          grunt_megastairs_5
Lair:2:   layout_cellular_growth, minmay_shoals_entry_centaurs,
          guppyfry_lair_drakes
Lair:3:   layout_roguey, nicolae_spider_entry_orb_guardian,
          eino_small_chamber_without_monster, pdpol_lair_cabin_in_the_woods,
          uniq_urug, uniq_nergalle, uniq_amaemon, uniq_rupert
Lair:4:   layout_loops_ring, nicolae_slime_entry_slimehenge, grunt_megastairs_2
Lair:5:   guppyfry_lair_end_dragon, layout_regular_city,
          hangedman_lair_caniforms_friends, tgw_fedhas
Spider:1: gammafunk_boulding_lane
Spider:2: layout_spider_delve
Spider:3: layout_chambers, drop_trap, nicolae_spider_twisty_arc_passages,
          uniq_donald
Spider:4: spider_rune_water
Orc:1:    layout_caves, uniq_fannar
Orc:2:    grunt_orc_tribal_feast, layout_diamond_mine, nicolae_orc_lost_temple

Skill      XL: |  1  2  3  4  5  6  7  8  9 10 11 12 13 14 15 16 17 |
---------------+----------------------------------------------------+-----
Short Blades   | 1 2 3 5 6 7 8 9 10 11 12 | 12.3
Long Blades    | 1 2 3 5 6 7 8 9 10 11 12 | 12.3
Axes           | 1 2 3 5 6 7 8 9 10 11 12 | 12.3
Maces & Flails | 1 2 3 5 6 7 8 9 10 11 12 | 12.3
Polearms       | 1 2 3 5 6 7 8 9 10 11 12 | 12.3
Ranged Weapons | 1 2 3 5 6 7 8 9 10 11 12 | 12.3
Throwing       | 1 2 3 5 6 7 8 9 10 11 12 | 12.3
Dodging        | 1 2 3 5 6 7 8 9 10 11 12 | 12.3
Stealth        | 1 2 3 5 6 7 8 9 10 11 12 | 12.3
Shields        | 1 2 3 5 6 7 8 9 10 11 12 | 12.3
Unarmed Combat | 1 2 3 5 6 7 8 9 10 11 12 | 12.3
Spellcasting   | 1 2 3 5 6 7 8 9 10 11 12 | 12.3
Evocations     | 1 2 3 5 6 7 8 9 10 11 12 | 12.3
Conjurations   | 1 2 3 4 5 6 7 8 9 10 | 10.4
Hexes          | 1 2 3 4 5 6 7 8 9 10 | 10.4
Summonings     | 1 2 3 4 5 6 7 8 9 10 | 10.4
Necromancy     | 1 2 3 4 5 6 7 8 9 10 | 10.4
Translocations | 1 2 3 4 5 6 7 8 9 10 | 10.4
Transmutations | 1 2 3 4 5 6 7 8 9 10 | 10.4
Fire Magic     | 1 2 3 4 5 6 7 8 9 10 | 10.4
Ice Magic      | 1 2 3 4 5 6 7 8 9 10 | 10.4
Air Magic      | 1 2 3 4 5 6 7 8 9 10 | 10.4
Earth Magic    | 1 2 3 4 5 6 7 8 9 10 | 10.4
Poison Magic   | 1 2 3 4 5 6 7 8 9 10 | 10.4
Invocations    | 3 4 5 6 7 8 9 10 11 12 13 | 13.6
Armour         | 3 4 5 6 7 8 9 10 11 12 | 12.6
Fighting       | 9 10 11 12 13 14 | 14.7
Staves         | 9 10 11 12 13 14 | 14.7

Action                     |  1- 3 |  4- 6 |  7- 9 | 10-12 | 13-15 | 16-18 || total
---------------------------+-------+-------+-------+-------+-------+-------++-------
  Melee: Staff             |   108 |   228 |   845 |  1524 |  1928 |  1510 ||  6143
         Quarterstaff      |     4 |    23 |       |       |       |       ||    27
         Bite              |    16 |    25 |   107 |   274 |   379 |   330 ||  1131
         Punch             |     4 |     7 |    38 |    89 |       |       ||   138
         Scimitar          |       |       |       |       |       |     7 ||     7
   Cast: Sandblast         |       |    33 |    72 |    13 |     6 |     4 ||   128
         Olgreb's Toxic Ra |       |       |     2 |    35 |   109 |   117 ||   263
         Sticky Flame      |       |       |       |    39 |    78 |    93 ||   210
         Lee's Rapid Decon |       |       |       |     3 |     2 |    16 ||    21
         Dazzling Flash    |       |       |       |       |     3 |     9 ||    12
         Airstrike         |       |       |       |       |       |    35 ||    35
         Mephitic Cloud    |       |       |       |       |       |    39 ||    39
         Iskenderun's Myst |       |       |       |       |       |     7 ||     7
Ability: Evoke Blink       |       |       |       |       |     2 |       ||     2
  Evoke: Wand              |       |       |     1 |     7 |    10 |    12 ||    30
         Box of beasts     |       |       |       |     2 |     1 |       ||     3
    Use: Potion            |       |     3 |       |     1 |     4 |     1 ||     9
         Scroll            |       |     1 |     3 |     2 |    17 |    10 ||    33
   Stab: Sleeping          |     1 |     4 |     1 |    12 |    25 |     9 ||    52
         Distracted        |       |       |       |     1 |     1 |       ||     2
         Petrified         |       |       |       |       |    12 |       ||    12
         Petrifying        |       |       |       |       |     2 |       ||     2
         Invisible         |       |       |       |       |       |    10 ||    10
         Confused          |       |       |       |       |       |    45 ||    45
 Armour: Leather armour    |     8 |    43 |   157 |   212 |   270 |   255 ||   945
         Skin              |       |       |       |     1 |       |       ||     1
  Dodge: Dodged            |    27 |    72 |   264 |   495 |   601 |   620 ||  2079
  Block: Buckler           |       |       |       |    35 |   402 |   339 ||   776
         Kite shield       |       |       |       |       |       |    82 ||    82

Table legend: (Time is in decaauts)
 A = Elapsed time spent in this place.
 B = Non-inter-level travel time spent in this place.
 C = Inter-level travel time spent in this place.
 D = Time resting spent in this place.
 E = Time spent auto-exploring this place.
 F = Levels seen in this place.
 G = Mean time per level.
                   A        B        C        D        E       F      G
               +--------+--------+--------+--------+--------+-----+--------+
         Total |  30005 |  28999 |   1006 |   1239 |  20027 |  29 | 1034.7 |
       Dungeon |  16982 |  16344 |    638 |    682 |  11518 |  15 | 1132.1 |
          Lair |   6038 |   5795 |    243 |    102 |   4120 |   5 | 1207.6 |
   Spider Nest |   4266 |   4177 |     89 |    397 |   2825 |   4 | 1066.5 |
  Orcish Mines |   1304 |   1269 |     35 |     28 |    948 |   2 |  652.0 |
         Abyss |    184 |    184 |      0 |      0 |      0 |   1 |  184.0 |
         Sewer |    646 |    646 |      0 |      0 |    414 |   1 |  646.0 |
      Gauntlet |    582 |    582 |      0 |     30 |    200 |   1 |  582.0 |
               +--------+--------+--------+--------+--------+-----+--------+

Top non-repeatable levels by time:
    D:14: 1822 daAuts
    D:10: 1811 daAuts
Spider:3: 1752 daAuts
  Lair:5: 1722 daAuts
     D:5: 1573 daAuts
     D:7: 1391 daAuts
  Lair:3: 1381 daAuts
Spider:2: 1283 daAuts
Spider:1: 1111 daAuts
     D:9: 1082 daAuts
    D:15: 1082 daAuts
     D:4: 1074 daAuts
    D:13: 1071 daAuts
  Lair:4: 1050 daAuts
     D:6: 1050 daAuts
